 Dungeon Crawl Stone Soup version 0.31-a0-187-gba352fbbf7 (webtiles) character file.

Game seed: 3509452066230683610

8652 qw the Markself (level 11, -6/64 HPs)
             Began as a Deep Elf Hunter on June 22, 2023.
             Was a Priest of Okawaru.
             Shot with a bolt by a minotaur (11 damage)
             ... in a Gauntlet.
             The game lasted 00:03:10 (6739 turns).

qw the Markself (Deep Elf Hunter)                   Turns: 6739, Time: 00:03:10

Health: -6/64      AC: 17    Str: 20    XL:     11   Next: 12%
Magic:  17/18      EV: 16    Int: 19    God:    Okawaru [***...]
Gold:   446        SH:  0    Dex: 15    Spells: 10/10 levels left

rFire   + + .        a - +11 orcbow of the Unkillable {elec, +Blink rCorr Int+4 Dex-5}
rCold   . . .        (shield currently unavailable)
rNeg    . . .        m - +6 scale mail of the Heron {rF+ Str+8}
rPois   +            (no helmet)
rElec   .            (no cloak)
rCorr   +            k - +2 pair of gloves
SInv    .            (no boots)
Will    +....        q - amulet of Fragile Peace {Faith Str+2}
Stlth   ++           b - ring of protection from fire
HPRegen 0.30/turn    h - ring of poison resistance
MPRegen 0.16/turn

%: no teleportation, faith
@: heroic
A: no striking features
a: Renounce Religion, Evoke Blink, Heroism


You were in a Gauntlet.
You worshipped Okawaru.
Okawaru was most pleased with you.
You visited 3 branches of the dungeon, and saw 10 of its levels.
You also visited: Ossuary and Gauntlet.

You collected 446 gold pieces.


   Skills:
 - Level 6.0(11.0) Fighting
 - Level 16.1(21.1) Ranged Weapons
 - Level 3.0(8.0) Armour
 + Level 7.9(12.9) Dodging
 - Level 1.2(6.2) Stealth
 - Level 7.9 Invocations


You had 10 spell levels left.
You didn't know any spells.
Your spell library was empty.

Inventory:

Hand Weapons
 a - the +11 orcbow of the Unkillable (weapon) {elec, +Blink rCorr Int+4 Dex-5}
   (You acquired it on level 1 of the Dungeon)

   Int:       It affects your intelligence (+4).
   Dex:       It affects your dexterity (-5).
   +Blink:    It lets you blink.
   rCorr:     It protects you from acid and corrosion.
Armour
 k - a +2 pair of gloves (worn)
 m - the +6 scale mail of the Heron (worn) {rF+ Str+8}
   (You found it on level 6 of the Dungeon)

   Str:       It affects your strength (+8).
   rF:        It protects you from fire.
Jewellery
 b - a ring of protection from fire (left hand)
 e - a ring of fire
 h - a ring of poison resistance (right hand)
 n - the amulet of Aditt {RegenMP +Inv rElec rF- Dex+7}
   (You found it in a Gauntlet)

   [amulet of magic regeneration]

   It increases your rate of magic regeneration.
   Dex:       It affects your dexterity (+7).
   rF:        It makes you vulnerable to fire.
   rElec:     It insulates you from electricity.
   +Inv:      It lets you turn invisible.
 q - the amulet of Fragile Peace (around neck) {Faith Str+2}
   (You found it in a Gauntlet)

   [amulet of faith]

   It allows you to gain divine favour quickly.
   Str:       It affects your strength (+2).
Scrolls
 g - 6 scrolls of teleportation
 j - 2 scrolls of brand weapon
 l - a scroll of identify
 s - a scroll of enchant weapon
Potions
 c - 4 potions of might
 d - a potion of mutation
 f - a potion of haste
 i - 3 potions of resistance
 o - 3 potions of curing
 p - a potion of cancellation
 r - 2 potions of magic

Dungeon Overview and Level Annotations

Branches:
Dungeon (8/15)             Temple (1/1) D:5            Lair (1/5) D:8
Ossuary (visited)         Gauntlet (1/1)

Altars:
Ashenzari
Cheibriados
Dithmenos
Elyvilon
Fedhas
Gozag
Hepliaklqana
Kikubaaqudgha
Makhleb
Nemelex Xobeh
Okawaru
Qazlal
Ru
Sif Muna
Trog
Uskayaw
Vehumet
Wu Jian
Xom
Yredelemnul
Zin
The Shining One

Shops:
D:3 (

Annotations:
D:8 1 runed translucent door, qw's ghost, novice NaHu Gauntlet 8 transporters, 5 runed translucent doors


Message History

Enter note:
Enter note: You open the door.
A minotaur comes into view.
It is wielding a +0 arbalest and quivering silver javelins.
The minotaur bellows!
The minotaur shoots a bolt.
The bolt hits you!!
Found an iridescent rapier.
Found a gate leading back out of this place.
Enter note:
Enter note:
6730 ||| INVOKING Heroism.
You gain the combat prowess of a mighty hero.
The minotaur shoots a bolt.
The bolt hits you.
You shoot an arrow. The arrow barely misses the minotaur.
The minotaur shoots a bolt.
The bolt hits you!!
You shoot an arrow. The arrow hits the minotaur.
The minotaur is lightly wounded.
The minotaur shoots a bolt.
The bolt closely misses you.
You shoot an arrow. The arrow hits the minotaur!
The minotaur is lightly wounded.
You shoot an arrow. The arrow hits the minotaur!
The minotaur is moderately wounded.
The minotaur shoots a bolt.
The bolt hits you!
You shoot an arrow. The arrow hits the minotaur.
The minotaur is moderately wounded.
The minotaur shoots a bolt.
The bolt misses you.
You shoot an arrow. The arrow hits the minotaur!!
The minotaur is heavily wounded.
The minotaur drinks a potion.
The minotaur is healed!
You shoot an arrow.
The arrow hits the minotaur but does no damage.
The minotaur is moderately wounded.
The minotaur shoots a bolt.
The bolt closely misses you.
You shoot an arrow.
The arrow hits the minotaur but does no damage.
The minotaur is moderately wounded.
You shoot an arrow.
The arrow completely misses the minotaur.
The minotaur shoots a bolt.
The bolt hits you!
You die...

#######~..#...G.
#...##.###..######
#.#.##..##........ #
#.#......#..###### ##'
#.#.##...#..#..... #.}.
#...##.^.#8.#.####
#..H\##.#.##...#..#.....
+}....'.#....^.#\.####^.
#@#.##...#..#...#.
#...##.^.#8.##..#.
#.#.##...#..#ยค#.#.
#.#......#..######
#.#.##..##........
#...##.###..######
#########~..#YY...
##..#[###+ #~..#$#~..


You could see a minotaur.

Vanquished Creatures
  A quicksilver ooze (Gauntlet)
  Pikel (D:7)
  Joseph (D:7)
  An elephant (D:8)
  A worldbinder (Gauntlet)
  A cane toad (Lair:1)
  3 blink frogs (Lair:1)
  6 yaks
  Menkaure (D:5)
  An acid dragon (D:8)
  2 steam dragons (D:7)
  4 water moccasins
  2 orc warriors (D:8)
  3 ice beasts
  3 black bears
  A hornet zombie (Ossuary)
  2 ogres
  A boggart (Gauntlet)
  2 centaurs
  A phantom (D:5)
  A lemure (D:7)
  2 bullfrogs
  2 kobold brigands
  3 scorpions
  A wyvern zombie (Ossuary)
  4 water moccasin zombies (Ossuary)
  3 wights (D:8)
  2 howler monkeys
  5 centaur zombies (Ossuary)
  5 bullfrog zombies (Ossuary)
  A hound (D:5)
  3 jellies
  A gnoll bouda (D:6)
  6 orc priests
  A sleepcap (D:5)
  3 iguanas
  7 orc wizards
  A statue (D:5)
  2 killer bee zombies (Ossuary)
  2 howler monkey zombies (Ossuary)
  12 mummies (Ossuary)
  5 adders
  5 gnolls
  A shadow imp (D:5)
  2 white imps
  An ufetubus (D:2)
  3 worms
  2 dart slugs
  37 orcs
  10 endoplasms
  3 giant cockroaches
  4 goblins
  11 hobgoblins
  A jackal (D:5)
  3 quokkas (D:5)
  7 ball pythons
  3 bats
  3 frilled lizards
  A jackal zombie (D:7)
  15 kobolds
  5 rats
227 creatures vanquished.

Vanquished Creatures (others)
  A ghoul (D:1)
  A draconian (D:1)
  A merfolk (D:1)
  A vampire (D:1)
  2 spriggans (D:1)
  A human (D:1)
  A mummy (D:1)
  A gnoll (D:1)
  3 kobolds (D:1)
  12 tentacles (D:1)
24 creatures vanquished.

Grand Total: 251 creatures vanquished

Notes
Turn   | Place    | Note
-------+----------+-------------------------------------------
     0 | D:1      | qw the Deep Elf Hunter began the quest for the Orb.
     0 | D:1      | Reached XP level 1. HP: 12/12 MP: 3/3
     0 | D:1      | Noticed a merfolk
     0 | D:1      | Noticed a ghoul
     0 | D:1      | Noticed a human
     0 | D:1      | Noticed a kraken
     0 | D:1      | Noticed a vampire
     0 | D:1      | Noticed a spriggan
     0 | D:1      | Noticed a spriggan
     0 | D:1      | Noticed a draconian
     0 | D:1      | 0 ||| qw: Version: 0.3-a-9-g12657ce
     0 | D:1      | 0 ||| qw: Game counter: 2656
     0 | D:1      | 0 ||| qw: Always use a shield: true
     0 | D:1      | 0 ||| qw: God list: Okawaru
     0 | D:1      | 0 ||| qw: Allow faded altars: false
     0 | D:1      | 0 ||| qw: Do Orc after D:15 true
     0 | D:1      | 0 ||| qw: Do second Lair branch before Depths: true
     0 | D:1      | 0 ||| qw: Lair rune preference: random
     0 | D:1      | 0 ||| qw: Plans: Normal
     0 | D:1      | 0 ||| PLANNING D:1-11
     2 | D:1      | Killed a spriggan
     4 | D:1      | Killed a vampire
     8 | D:1      | Killed a human
    14 | D:1      | Killed a spriggan
    16 | D:1      | Killed a merfolk
    22 | D:1      | Killed a ghoul
    24 | D:1      | Killed a draconian
   261 | D:1      | Reached XP level 2. HP: 16/16 MP: 4/4
   262 | D:1      | Reached skill level 6 in Ranged Weapons
   277 | D:1      | Found a faded altar of an unknown god.
   821 | D:1      | 821 ||| UPGRADING to +0 ring mail.
   831 | D:1      | 831 ||| DROPPING +0 leather armour.
   832 | D:1      | 832 ||| READING scroll labelled SAMEQI REETT.
   832 | D:1      | Identified a scroll of acquirement
   832 | D:1      | 832 ||| ACQUIRING +11 orcbow of the Unkillable {elec,
                  | +Blink rCorr Int+4 Dex-5}
   832 | D:1      | Acquired the +11 orcbow of the Unkillable {elec, +Blink
                  | rCorr Int+4 Dex-5}
   834 | D:1      | 834 ||| SWAPPING to +11 orcbow of the Unkillable {elec,
                  | +Blink rCorr Int+4 Dex-5}.
   835 | D:1      | 835 ||| DROPPING +0 shortbow.
   836 | D:1      | 836 ||| READING 3 scrolls labelled NARYF BEHEMEORROM.
   837 | D:1      | 837 ||| READING scroll labelled TEJEOSE RUYP.
   842 | D:1      | 842 ||| DROPPING scroll of butterflies.
   843 | D:1      | 843 ||| DROPPING 2 scrolls of immolation.
  1202 | D:2      | Reached XP level 3. HP: 20/20 MP: 5/5
  1211 | D:2      | Found a hide-covered altar of Uskayaw.
  1269 | D:2      | Reached skill level 7 in Ranged Weapons
  1394 | D:2      | Reached XP level 4. HP: 25/25 MP: 6/6
  1532 | D:2      | 1532 ||| READING scroll labelled ESUTYXZY TEAPS.
  1533 | D:2      | 1533 ||| READING scroll labelled KAROLI KENWOE.
  1534 | D:2      | 1534 ||| READING scroll labelled WAH QIWEGUSUMI.
  1535 | D:2      | 1535 ||| READING scroll labelled NECWATW GOGG.
  1536 | D:2      | 1536 ||| READING 2 scrolls labelled FUEL ZIM NAZYU.
  1537 | D:2      | 1537 ||| DRINKING 2 bubbling black potions.
  1538 | D:2      | 1538 ||| DROPPING scroll of revelation.
  1608 | D:3      | Found Oshroit's Weapon Emporium.
  1804 | D:3      | 1804 ||| UPGRADING to ring of protection from fire.
  1805 | D:3      | 1805 ||| READING scroll labelled GYMANW XUCAR.
  1806 | D:3      | 1806 ||| READING scroll labelled BOGGAO MEPTESH.
  1808 | D:3      | 1808 ||| Stepping ~*~*~tactically~*~*~ (cloud).
  1809 | D:3      | 1809 ||| DRINKING potion of curing.
  1809 | D:3      | 1809 ||| (to cure poison)
  1854 | D:4      | Noticed an ogre
  1856 | D:4      | Killed an ogre
  1857 | D:4      | Reached skill level 8 in Ranged Weapons
  1857 | D:4      | Reached XP level 5. HP: 29/29 MP: 7/7
  1875 | D:4      | Reached skill level 9 in Ranged Weapons
  1924 | D:4      | Found a burning altar of Makhleb.
  1966 | D:4      | Noticed a water moccasin
  1974 | D:4      | Killed a water moccasin
  1975 | D:4      | Reached XP level 6. HP: 35/35 MP: 8/8
  2328 | D:4      | 2328 ||| UPGRADING to ring of poison resistance.
  2335 | D:5      | Entered Level 5 of the Dungeon
  2337 | D:5      | Reached skill level 10 in Ranged Weapons
  2374 | D:5      | Found a staircase to the Ecumenical Temple.
  2375 | D:5      | 2375 ||| PLANNING TEMPLE
  2375 | D:5      | 2375 ||| READING scroll labelled TULOLA WOYWK.
  2381 | Temple   | Entered the Ecumenical Temple
  2406 | Temple   | 2406 ||| PLANNING OKAWARU WORSHIP
  2571 | Temple   | Became a worshipper of Warmaster Okawaru
  2572 | Temple   | 2572 ||| PLANNING D:1-11
  2670 | D:5      | Found a blossoming altar of Fedhas.
  2762 | D:5      | Reached XP level 7. HP: 33/40 MP: 9/9
  2818 | D:5      | Reached skill level 11 in Ranged Weapons
  2819 | D:5      | Found a radiant altar of Vehumet.
  2873 | D:5      | Noticed Menkaure
  2877 | D:5      | Killed Menkaure
  2877 | D:5      | Reached * piety under Okawaru
  2878 | D:5      | Reached skill level 12 in Ranged Weapons
  2904 | D:5      | Noticed a yak
  2906 | D:5      | Reached skill level 3 in Dodging
  2906 | D:5      | Reached skill level 1 in Invocations
  2909 | D:5      | Killed a yak
  2910 | D:5      | Reached skill level 1 in Armour
  2910 | D:5      | Reached XP level 8. HP: 44/44 MP: 9/11
  2914 | D:5      | Reached skill level 3 in Invocations
  2918 | D:5      | 2918 ||| FLEEEEING.
  2919 | D:5      | 2919 ||| FLEEEEING.
  3046 | D:5      | Reached ** piety under Okawaru
  3090 | D:5      | 3090 ||| READING 2 scrolls of identify.
  3090 | D:5      | 3090 ||| IDENTIFYING fuming brown potion
  3136 | D:6      | 3136 ||| STAIRDANCE
  3140 | D:6      | 3140 ||| STAIRDANCE
  3144 | D:6      | 3144 ||| STAIRDANCE
  3148 | D:6      | 3148 ||| STAIRDANCE
  3152 | D:6      | 3152 ||| STAIRDANCE
  3156 | D:6      | 3156 ||| STAIRDANCE
  3160 | D:6      | 3160 ||| STAIRDANCE
  3164 | D:6      | 3164 ||| STAIRDANCE
  3168 | D:6      | 3168 ||| STAIRDANCE
  3172 | D:6      | 3172 ||| STAIRDANCE
  3176 | D:6      | 3176 ||| STAIRDANCE
  3193 | D:6      | 3193 ||| STAIRDANCE
  3197 | D:6      | 3197 ||| STAIRDANCE
  3201 | D:6      | 3201 ||| STAIRDANCE
  3205 | D:6      | 3205 ||| STAIRDANCE
  3209 | D:6      | 3209 ||| STAIRDANCE
  3213 | D:6      | 3213 ||| STAIRDANCE
  3217 | D:6      | 3217 ||| STAIRDANCE
  3221 | D:6      | 3221 ||| STAIRDANCE
  3225 | D:6      | 3225 ||| STAIRDANCE
  3254 | D:6      | Identified the +6 scale mail of the Heron {rF+ Str+8}
  3277 | D:6      | Found a stormy altar of Qazlal.
  3292 | D:6      | 3292 ||| Stepping ~*~*~tactically~*~*~ (outnumbered).
  3294 | D:6      | 3294 ||| Stepping ~*~*~tactically~*~*~ (outnumbered).
  3296 | D:6      | 3296 ||| Stepping ~*~*~tactically~*~*~ (outnumbered).
  3304 | D:6      | 3304 ||| INVOKING Heroism.
  3306 | D:6      | Reached skill level 3 in Fighting
  3503 | D:6      | 3503 ||| INVOKING Heroism.
  3640 | D:6      | 3640 ||| INVOKING Heroism.
  3793 | D:6      | 3793 ||| INVOKING Heroism.
  3796 | D:6      | 3796 ||| Stepping ~*~*~tactically~*~*~ (outnumbered).
  3811 | D:6      | 3811 ||| Stepping ~*~*~tactically~*~*~ (outnumbered).
  3816 | D:6      | Reached skill level 13 in Ranged Weapons
  3836 | D:6      | 3836 ||| INVOKING Heroism.
  3897 | D:6      | 3897 ||| INVOKING Heroism.
  4132 | D:6      | Reached skill level 14 in Ranged Weapons
  4132 | D:6      | Reached XP level 9. HP: 50/50 MP: 14/14
  4332 | D:6      | 4332 ||| UPGRADING to +6 scale mail of the Heron {rF+
                  | Str+8}.
  4342 | D:6      | 4342 ||| DROPPING +0 ring mail.
  4343 | D:6      | 4343 ||| DROPPING scarf of harm.
  4344 | D:6      | 4344 ||| UPGRADING to amulet of faith.
  4372 | D:7      | Found a sand-covered staircase.
  4373 | D:7      | 4373 ||| PLANNING OSSUARY
  4380 | Ossuary  | Entered an ossuary
  4485 | Ossuary  | 4485 ||| Stepping ~*~*~tactically~*~*~ (water).
  4490 | Ossuary  | 4490 ||| Stepping ~*~*~tactically~*~*~ (water).
  4543 | Ossuary  | Reached skill level 15 in Ranged Weapons
  4674 | Ossuary  | 4674 ||| Stepping ~*~*~tactically~*~*~ (water).
  4676 | Ossuary  | Reached *** piety under Okawaru
  4850 | Ossuary  | 4850 ||| READING scroll labelled ILONAW BIRILO.
  4851 | Ossuary  | 4851 ||| DRINKING 2 grey potions.
  4852 | Ossuary  | 4852 ||| READING 4 scrolls of identify.
  4852 | Ossuary  | 4852 ||| IDENTIFYING sedimented purple potion
  4853 | Ossuary  | 4853 ||| READING 3 scrolls of identify.
  4853 | Ossuary  | 4853 ||| IDENTIFYING fuming pink potion
  4854 | Ossuary  | 4854 ||| READING 2 scrolls of identify.
  4854 | Ossuary  | 4854 ||| IDENTIFYING sedimented coppery potion
  4855 | Ossuary  | 4855 ||| DROPPING potion of berserk rage.
  4856 | Ossuary  | 4856 ||| DROPPING potion of brilliance.
  4879 | D:7      | 4879 ||| PLANNING D:1-11
  4899 | D:7      | Found a white marble altar of Elyvilon.
  4930 | D:7      | 4930 ||| INVOKING Heroism.
  5040 | D:7      | 5040 ||| INVOKING Heroism.
  5213 | D:7      | Found an ornate altar of the Wu Jian Council.
  5223 | D:7      | 5223 ||| INVOKING Heroism.
  5226 | D:7      | Reached skill level 16 in Ranged Weapons
  5256 | D:7      | Noticed Pikel
  5258 | D:7      | 5258 ||| INVOKING Heroism.
  5267 | D:7      | Killed Pikel
  5268 | D:7      | Reached skill level 6 in Dodging
  5268 | D:7      | Reached XP level 10. HP: 42/56 MP: 13/15
  5381 | D:7      | Found a hazy altar of Hepliaklqana.
  5381 | D:7      | Noticed Joseph
  5389 | D:7      | Killed Joseph
  5438 | D:7      | Reached **** piety under Okawaru
  5451 | D:7      | 5451 ||| UPGRADING to +2 pair of gloves.
  5456 | D:7      | 5456 ||| READING scroll labelled ODIECYALEY.
  5457 | D:7      | 5457 ||| READING 2 scrolls of identify.
  5457 | D:7      | 5457 ||| IDENTIFYING puce potion
  5550 | D:8      | 5550 ||| INVOKING Heroism.
  5642 | D:8      | Found a hide-covered altar of Uskayaw.
  5655 | D:8      | 5655 ||| INVOKING Heroism.
  5656 | D:8      | 5656 ||| Stepping ~*~*~tactically~*~*~ (outnumbered).
  5713 | D:8      | Identified the +3 flail "Awim" {spect, rF+}
  5717 | D:8      | 5717 ||| INVOKING Heroism.
  5739 | D:8      | Found a staircase to the Lair.
  5817 | D:8      | Noticed an elephant
  5822 | D:8      | Killed an elephant
  5925 | D:8      | Found a runed translucent door.
  5929 | D:8      | Identified the +1 trident of Conscience {drain, +Blink
                  | rCorr SInv}
  5930 | D:8      | Noticed qw's ghost (novice NaHu)
  6087 | D:8      | 6087 ||| READING 4 scrolls labelled NOAJAO DEHOX.
  6088 | D:8      | 6088 ||| PLANNING LAIR
  6088 | D:8      | 6088 ||| READING 3 scrolls of identify.
  6088 | D:8      | 6088 ||| IDENTIFYING pink potion
  6089 | D:8      | 6089 ||| READING 2 scrolls of identify.
  6089 | D:8      | 6089 ||| IDENTIFYING fizzy grey potion
  6090 | D:8      | 6090 ||| DROPPING potion of lignification.
  6091 | D:8      | 6091 ||| DROPPING 3 scrolls of amnesia.
  6131 | Lair:1   | Entered Level 1 of the Lair of Beasts
  6132 | Lair:1   | 6132 ||| PLANNING GAUNTLET
  6133 | Lair:1   | Noticed a cane toad
  6134 | Lair:1   | 6134 ||| INVOKING Heroism.
  6140 | Lair:1   | Killed a cane toad
  6141 | Lair:1   | Reached skill level 6 in Invocations
  6176 | Lair:1   | 6176 ||| INVOKING Heroism.
  6334 | Lair:1   | Reached skill level 6 in Fighting
  6335 | Lair:1   | Reached ***** piety under Okawaru
  6343 | Lair:1   | Reached skill level 3 in Armour
  6359 | Lair:1   | Found a gate leading to a gauntlet.
  6360 | Lair:1   | 6360 ||| DRINKING 3 black potions.
  6361 | Lair:1   | 6361 ||| DROPPING 2 potions of attraction.
  6370 | Gauntlet | Entered a Gauntlet
  6370 | Gauntlet | Found a transporter.
  6370 | Gauntlet | Found a transporter.
  6371 | Gauntlet | Noticed a worldbinder
  6376 | Gauntlet | Found a transporter.
  6378 | Gauntlet | Found a runed translucent gate.
  6378 | Gauntlet | Found a runed translucent gate.
  6378 | Gauntlet | Found a runed translucent gate.
  6388 | Gauntlet | Found a transporter.
  6406 | Gauntlet | Found a transporter.
  6406 | Gauntlet | Found a transporter.
  6406 | Gauntlet | Found a transporter.
  6406 | Gauntlet | Noticed a quicksilver ooze
  6408 | Gauntlet | Found a transporter.
  6408 | Gauntlet | Found a transporter.
  6410 | Gauntlet | Noticed a glowing orange brain
  6410 | Gauntlet | Noticed a blizzard demon
  6419 | Gauntlet | Noticed a green ugly thing
  6421 | Gauntlet | Found a transporter.
  6440 | Gauntlet | Found a transporter.
  6445 | Gauntlet | Found a runed translucent door.
  6446 | Gauntlet | Noticed a dire elephant
  6447 | Gauntlet | Found a transporter.
  6447 | Gauntlet | Noticed an elephant
  6449 | Gauntlet | Found a runed translucent door.
  6450 | Gauntlet | Noticed an elephant
  6461 | Gauntlet | Found a transporter.
  6481 | Gauntlet | Found a transporter.
  6483 | Gauntlet | Noticed a smoke demon
  6523 | Gauntlet | Noticed a naga warrior
  6523 | Gauntlet | 6523 ||| INVOKING Heroism.
  6524 | Gauntlet | 6524 ||| INVOKING Finesse.
  6527 | Gauntlet | Killed a worldbinder
  6528 | Gauntlet | Reached XP level 11. HP: 60/64 MP: 10/18
  6582 | Gauntlet | 6582 ||| INVOKING Heroism.
  6589 | Gauntlet | Killed a quicksilver ooze
  6692 | Gauntlet | Identified the amulet of Fragile Peace {Faith Str+2}
  6694 | Gauntlet | 6694 ||| UPGRADING to amulet of Fragile Peace {Faith
                  | Str+2}.
  6704 | Gauntlet | 6704 ||| DROPPING amulet of faith.
  6713 | Gauntlet | Identified the amulet of Aditt {RegenMP +Inv rElec rF-
                  | Dex+7}
  6729 | Gauntlet | Identified the +8 rapier of Puitougo {freeze, rPois rN++
                  | rCorr Str-2}
  6729 | Gauntlet | Noticed a minotaur
  6730 | Gauntlet | 6730 ||| INVOKING Heroism.
  6731 | Gauntlet | HP: 13/64 [minotaur/bolt (24)]
  6734 | Gauntlet | HP: 3/64 [minotaur/bolt (10)]
  6739 | Gauntlet | Shot with a bolt by a minotaur

Levels and vault maps discovered:
D:1:      nicolae_arrival_kraken_aquarium_a, layout_loops_corners,
          ebering_ecumenical_altar_sacrificial
D:2:      layout_basic, basic_altar, minmay_quadrilaterals
D:3:      layout_rooms, serial_shops, shop
D:4:      layout_basic, old_standard_altar, minmay_surrounded
D:5:      layout_rooms, nicolae_overflow_hidden_temple, vehumet_statue,
          minmay_temple_entry_trees, minmay_manual_moon, uniq_menkaure
D:6:      layout_loops_corners, nicolae_overflow_crystal_walls,
          kennysheep_generic_room_7
D:7:      layout_gridville, worldfamousw_hep_ancestral_shrine,
          lemuel_crystal_altar, lemuel_crystal_altar, enter_ossuary_3,
          uniq_pikel, uniq_joseph
D:8:      layout_basic, general_overflow_altar, david_lair_generic,
          ebering_ghost_funeral_grove
Temple:   nicolae_temple_bog_church
Lair:1:   layout_long_grid, gauntlet_entry_generic, minivault_11,
          serial_bayou_shore_b
Gauntlet: gammafunk_gauntlet_mixed_choke_point [minmay_gauntlet_arena_77_braids,
          minmay_gauntlet_arena_77_checkered,
          minmay_gauntlet_arena_77_run_for_it,
          nicolae_gauntlet_arena_flowing_pool,
          minmay_gauntlet_arena_77_shame_cube,
          minmay_gauntlet_arena_77_radiant_squares,
          minmay_gauntlet_arena_77_broken_ladder, gauntlet_exit_hidden_loot]

Skill      XL: |  1  2  3  4  5  6  7  8  9 10 |
---------------+-------------------------------+-----
Ranged Weapons | 6 7 8 9 10 12 14 16 | 16.1
Fighting       | 2 3 4 6 |  6.0
Dodging        | 3 6 7 |  7.9
Invocations    | 2 4 7 |  7.9
Armour         | 1 3 |  3.0
Stealth        | |  1.2

Action                     |  1- 3 |  4- 6 |  7- 9 | 10-12 || total
---------------------------+-------+-------+-------+-------++-------
   Fire: Shortbow          |    37 |       |       |       ||    37
         Orcbow            |    33 |    80 |   227 |   172 ||   512
 Invoke: Heroism           |       |       |    10 |     8 ||    18
         Finesse           |       |       |       |     1 ||     1
    Use: Scroll            |     3 |     8 |     5 |     5 ||    21
         Potion            |       |     2 |     1 |     1 ||     4
 Armour: Ring mail         |     2 |     6 |     5 |       ||    13
         Scale mail        |       |       |    32 |    20 ||    52
  Dodge: Dodged            |    11 |    11 |    35 |    32 ||    89

Table legend:
 A = Non-vault XP
 B = Vault XP
 C = Vault XP percentage of total XP
 D = Non-vault monster count
 E = Vault monster count
 F = Vault count percentage of total count
                 A         B        C        D         E       F
            +---------+---------+-------+---------+---------+-------
      Total |    6420 |    5940 |  48.1 |     162 |      64 |  28.3
            +---------+---------+-------+---------+---------+-------
        D:1 |      28 |       0 |   0.0 |      18 |       0 |   0.0
        D:2 |      31 |      40 |  56.3 |      13 |       8 |  38.1
        D:3 |      48 |       0 |   0.0 |      10 |       0 |   0.0
        D:4 |     320 |      20 |   5.9 |      11 |       5 |  31.2
        D:5 |     678 |     595 |  46.7 |      18 |       8 |  30.8
        D:6 |     938 |     112 |  10.7 |      28 |       1 |   3.4
        D:7 |     820 |    1184 |  59.1 |      13 |       3 |  18.8
        D:8 |    1348 |     938 |  41.0 |      42 |       4 |   8.7
     Lair:1 |    2209 |       0 |   0.0 |       9 |       0 |   0.0
    Ossuary |       0 |    1378 | 100.0 |       0 |      32 | 100.0
   Gauntlet |       0 |    1673 | 100.0 |       0 |       3 | 100.0
            +---------+---------+-------+---------+---------+-------
